Build Orders - Match 34723467 - cohdb - Company of Heroes 3 Replays

Match 34723467
Unlisted

Match 34723467
End
Panzergrenadier Squad
Selects Battlefield Espionage Battlegroup
250 Light Carrier
Panzergrenadier Squad
Construct Light Support Kompanie
Combat Half-tracks
Selects Sector Subterfuge Beacon
Selects Transfer Depots
Fire Support Elements
Panzerjäger Squad
le.IG 18 Mechanized Group
Vehicle Survival Package
Veteran Squad Leaders
2.5-tonne Medical Truck
Forward Retreat Point
Selects 250/3 Funkpanzerwagen
Construct Mechanized Kompanie
Selects Firestorm
Construct Panzerarmee Kommand
Pak 38 Mechanized Group
Selects 250/3 Funkpanzerwagen
Panzer III L Medium Tank
Firestorm
Emergency Repair Kits
Panzer III L Medium Tank
Panzer III L Medium Tank
水银灯
书院三师姐
CUI
Ping Ping
Gear-IV-G
ForestJun
hinanawi
简八王牌阿祖莎
0
0

Comments sign in to comment!

No comments posted yet!